Map: Ephemeron LE

Players

Unitarmeduza

  • Race: Zerg Zerg
  • Spawn Location: 5:00

Yrr - Winner!

  • Race: Terran Terran
  • Spawn Location: 11:00

VOD

Have the link to the VOD?

Description

Time

  • Played on: Dec. 4, 2019, 9:42 a.m.
  • Length: 14:45
Show
View Real Time Build Order
Export as new Build Order

Unitarmeduza Zerg 

Build Orders: Hatch First 

Get SALT Encoding   

  12  0:01  Drone  
  13  0:13  Overlord  
  13  0:17  Drone  
  14  0:31  Drone x2  
  16  0:49  Hatchery  
  15  0:52  Drone  
  15  0:55  Drone  
  17  0:59  Drone  
  18  1:09  Extractor  
  17  1:14  Spawning Pool  
  17  1:17  Drone  
  17  1:21  Drone  
  18  1:29  Drone  
  19  1:39  Drone  
  20  1:50  Overlord  
  20  2:01  Queen x2  
  20  2:02  Zergling x4  
  26  2:20  Hatchery  
  25  2:23  Drone  
  25  2:28  Metabolic Boost  
  26  2:30  Drone  
  26  2:36  Drone  
  26  2:37  Drone  
  29  2:42  Spore Crawler  
  29  2:49  Overlord  
  29  2:50  Drone x2  
  31  3:00  Drone x3  
  34  3:14  Drone x2  
  34  3:19  Overlord  
  36  3:20  Queen x2  
  36  3:24  Drone x2  
  42  3:27  Overlord  
  42  3:44  Zergling x4  
  44  3:51  Drone  
  44  3:52  Baneling Nest, Drone x6  
  50  4:01  Queen  
  50  4:02  Queen  
  54  4:03  Queen  
  56  4:11  Zergling x6  
  56  4:13  Drone x3  
  61  4:19  Extractor  
  61  4:20  Extractor  
  59  4:25  Overlord  
  59  4:26  Zergling x4  
  61  4:36  Queen  
  61  4:37  Baneling x3  
  63  4:39  Overlord x3  
  63  4:43  Overlord  
  63  4:47  Spore Crawler  
  63  4:49  Spore Crawler  
  59  5:09  Baneling x2  
  59  5:12  Drone  
  59  5:13  Drone x13  
  73  5:23  Lair  
  73  5:25  Extractor  
  73  5:26  Drone x2  
  73  5:27  Drone  
  73  5:28  Drone x2  
  77  5:46  Baneling x3  
  77  5:54  Drone  
  77  5:55  Drone x2  
  80  6:00  Evolution Chamber x2, Baneling x2, Zergling x12  
  80  6:01  Zergling x2  
  83  6:26  Zergling x2  
  83  6:27  Zergling x12  
  82  6:49  Hydralisk Den  
  82  6:50  Zerg Ground Armor Level 1, Centrifical Hooks, Zerg Melee Weapons Level 1  
  81  6:54  Spire  
  80  7:03  Drone  
  80  7:04  Drone x4  
  84  7:09  Hatchery  
  84  7:13  Baneling x7  
  83  7:18  Hatchery  
  83  7:19  Spire  
  83  7:20  Drone x2  
  83  7:24  Extractor  
  83  7:25  Extractor  
  81  7:30  Overseer  
  81  7:33  Overlord x3  
  81  7:41  Baneling x5  
  80  7:50  Drone x5  
  80  7:51  Drone  
  86  7:52  Queen  
  86  7:54  Muscular Augments  
  88  8:15  Spore Crawler  
  88  8:17  Spore Crawler  
  88  8:18  Overlord x4  
  88  8:19  Hydralisk x6, Overlord  
  98  8:31  Drone x15  
  113  8:36  Zergling x10  
  118  8:41  Infestation Pit  
  118  8:47  Overseer  
  117  8:52  Extractor  
  116  8:56  Extractor  
  115  9:05  Grooved Spines  
  115  9:08  Corruptor x6  
  115  9:09  Corruptor x2  
  131  9:20  Zerg Melee Weapons Level 2  
  131  9:22  Zerg Missile Weapons Level 1  
  131  9:39  Hive  
  131  9:44  Overseer x3  
  131  9:46  Hydralisk x2, Zergling x2  
  131  9:47  Hydralisk, Zergling x2  
  131  9:49  Zergling x34  
  131  9:50  Zergling x12  
  162  9:55  Queen  
  164  10:06  Hatchery  
  163  10:17  Baneling x6  
  163  10:19  Zergling x6  
  163  10:20  Overlord x6  
  163  10:21  Overlord x3  
  166  10:22  Overlord x4  
  166  10:27  Pathogen Glands  
  166  10:41  Drone  
  166  10:42  Drone x9  
  168  10:58  Zergling x10  
  168  10:59  Zergling x26  
  155  11:29  Hydralisk x3  
  155  11:30  Hydralisk x10  
  155  11:32  Baneling x18  
  173  11:33  Baneling, Zergling x4  
  175  11:51  Adrenal Glands  
  175  11:52  Zerg Missile Weapons Level 2  
  175  11:53  Zerg Melee Weapons Level 3  
  175  12:05  Zergling x16  
  175  12:06  Zergling x24  
  157  12:24  Zergling x34  
  157  12:28  Baneling x8  
  174  12:30  Baneling x6, Zergling x2  
  174  12:31  Zergling x2  
  176  12:40  Zergling x2  
  176  12:41  Zergling x22  
  182  12:59  Zergling x6  
  182  13:00  Zergling x20  
  182  13:20  Baneling x12  
  182  13:21  Baneling x5, Zergling x26  
  182  13:22  Zergling x8  
  169  13:37  Zergling x24  
  169  13:38  Zergling x4  
  170  13:48  Zergling x2  
  170  13:49  Zergling x20  
  170  13:50  Baneling  
  170  13:51  Baneling x11  
  175  14:00  Zergling x2  
  175  14:01  Zergling x12  
  133  14:14  Zergling x2  
  133  14:15  Zergling x14  
  124  14:18  Overseer  
Show
View Real Time Build Order
Export as new Build Order

Yrr Terran - Winner!

Build Orders: 2 Factory, Hellion Opening, Reaper Expand, Mech 

Get SALT Encoding   

  12  0:01  SCV  
  13  0:13  SCV  
  14  0:17  Supply Depot  
  14  0:25  SCV  
  15  0:39  SCV  
  15  0:41  Barracks  
  16  0:44  Refinery  
  16  0:51  SCV  
  17  1:03  SCV  
  18  1:15  SCV  
  19  1:28  Orbital Command  
  19  1:29  Reaper  
  20  1:41  Command Center  
  20  2:01  Marine  
  20  2:07  Factory  
  21  2:13  SCV  
  22  2:22  Barracks Reactor  
  22  2:28  Supply Depot  
  21  2:47  SCV  
  21  2:51  Refinery  
  22  2:59  SCV  
  22  3:05  Hellion x2  
  27  3:11  Barracks Tech Lab  
  28  3:15  Factory, Orbital Command  
  27  3:21  Bunker  
  27  3:26  Hellion x2  
  31  3:33  SCV  
  32  3:43  SCV  
  32  3:45  SCV  
  34  3:50  Hellion x2  
  38  3:55  SCV  
  38  3:57  SCV, Supply Depot  
  38  4:02  Supply Depot  
  40  4:07  SCV  
  42  4:10  SCV  
  42  4:11  Siege Tank  
  45  4:20  SCV  
  45  4:22  SCV  
  47  4:25  Supply Depot  
  47  4:27  Supply Depot  
  47  4:32  SCV  
  47  4:34  Hellion x2  
  52  4:41  SCV  
  52  4:43  Refinery  
  52  4:44  SCV, Refinery  
  54  4:46  Siege Tank  
  54  4:48  Factory  
  57  4:55  SCV  
  57  4:56  SCV  
  59  5:04  Hellion x2  
  59  5:07  SCV  
  59  5:08  SCV  
  61  5:17  Command Center  
  61  5:25  SCV x2  
  63  5:36  Supply Depot  
  63  5:37  SCV x2, Factory Tech Lab  
  65  5:43  Armory  
  65  5:49  SCV x2  
  67  5:57  Supply Depot  
  67  5:59  Supply Depot  
  67  6:00  Siege Tank x2  
  67  6:01  SCV x2, Hellion  
  67  6:02  Hellion  
  79  6:05  Infernal Pre-Igniter  
  79  6:13  SCV  
  80  6:29  Hellion x2  
  80  6:32  Siege Tank x2  
  74  6:44  Factory  
  74  6:45  Terran Vehicle Weapons Level 1  
  74  6:47  Factory  
  74  6:48  Orbital Command  
  74  6:49  SCV  
  74  6:50  SCV, Hellion  
  78  7:02  SCV x2  
  80  7:14  SCV x2  
  82  7:19  Orbital Command  
  82  7:21  Thor x2  
  94  7:26  SCV x2  
  96  7:33  Engineering Bay  
  96  7:38  SCV x2  
  98  7:45  SCV  
  98  7:50  SCV x2  
  101  7:57  SCV  
  102  8:02  SCV x2, Sensor Tower  
  104  8:06  Missile Turret  
  104  8:09  SCV, Armory  
  104  8:11  Supply Depot x2  
  105  8:14  SCV x2  
  107  8:21  SCV, Refinery x2  
  107  8:24  Factory Tech Lab  
  107  8:25  Factory Reactor  
  107  8:26  SCV x2  
  110  8:30  Missile Turret  
  110  8:33  SCV  
  111  8:37  Sensor Tower, Command Center  
  111  8:38  Thor  
  111  8:39  Thor  
  123  8:41  Hellion  
  123  8:42  Hellion  
  123  8:44  Siege Tank  
  123  8:45  SCV  
  123  8:46  SCV, Terran Vehicle Weapons Level 2  
  132  8:49  Supply Depot  
  132  8:51  Supply Depot  
  132  8:58  SCV  
  133  9:03  Missile Turret  
  133  9:08  SCV  
  134  9:16  Siege Tank  
  137  9:21  Siege Tank, Supply Depot  
  137  9:23  Supply Depot  
  140  9:25  Factory x2  
  140  9:35  Thor  
  146  9:46  Terran Vehicle And Ship Armor Level 1  
  146  9:55  Hellion x2  
  146  9:56  Hellion x2  
  154  10:18  SCV x3  
  157  10:25  Sensor Tower  
  157  10:30  SCV x3  
  157  10:31  Thor x2  
  157  10:32  Thor  
  178  10:42  Supply Depot  
  178  10:43  Supply Depot  
  171  11:08  Planetary Fortress  
  165  11:15  Thor, Siege Tank x2  
  160  11:29  SCV x3  
  156  11:34  Hellion x4  
  164  11:41  SCV  
  164  11:42  SCV x2  
  167  11:47  Thor  
  167  11:48  Hellion  
  167  11:50  Supply Depot  
  167  11:51  Supply Depot  
  167  11:53  SCV  
  167  11:54  SCV x2  
  178  11:55  Hellion  
  178  11:56  Hellion x3  
  178  11:59  Hellion  
  188  12:05  SCV  
  188  12:06  SCV x2  
  185  12:17  Hellion x4  
  185  12:18  SCV x3  
  173  12:29  Siege Tank  
  174  12:30  Siege Tank  
  174  12:34  Siege Tank  
  178  12:38  Hellion x4  
  186  12:50  SCV x4  
  190  12:52  Refinery  
  190  12:53  Missile Turret, Refinery  
  190  12:59  Hellion  
  190  13:00  Hellion  
  190  13:02  Siege Tank x2  
  186  13:13  Thor  
  186  13:15  Hellion x2  
  186  13:21  Hellion x2  
  190  13:34  Siege Tank x2  
  187  13:36  Hellion  
  187  13:37  Hellion  
  188  13:42  Hellion x2  
  192  13:56  Thor  
  192  13:58  Hellion x2  
  182  14:04  Hellion x2  
  167  14:19  Hellion x2  
  175  14:33  Command Center  
Tags
 
Add a new tag
Caveats
  • Supply blocks, unpowered buildings, or Contaminate may cause inaccurate times.
  • Supply counts are checked every 10 seconds.